Map: Year Zero LE

Players

Special - Winner!

  • Race: Terran Terran
  • League: Master
  • Spawn Location: 1:00

Ziggy

  • Race: Terran Terran
  • Spawn Location: 11:00

Event: 2019 WCS Spring

VOD

Have the link to the VOD?

Description

Time

  • Played on: May 17, 2019, 1:10 p.m.
  • Length: 12:54

All games in this series

Show
View Real Time Build Order
Export as new Build Order

Special Terran - Winner!

Build Orders:  

Get SALT Encoding   

  12  0:00  SCV  
  13  0:12  SCV  
  14  0:18  Supply Depot  
  14  0:25  SCV  
  15  0:30  Refinery  
  15  0:39  SCV  
  16  0:46  Barracks  
  16  0:51  SCV  
  16  0:57  Refinery  
  17  1:03  SCV  
  18  1:15  SCV  
  20  1:34  Orbital Command, Factory  
  20  1:39  Reaper  
  20  1:49  Supply Depot  
  20  2:01  SCV  
  21  2:11  Reaper  
  21  2:13  SCV  
  23  2:19  Hellion  
  25  2:25  SCV  
  26  2:38  SCV  
  26  2:40  Command Center  
  26  2:43  Barracks Reactor  
  27  2:48  Factory Tech Lab  
  27  2:50  SCV  
  28  2:53  Starport  
  28  3:00  Supply Depot  
  28  3:02  SCV  
  29  3:14  SCV  
  30  3:20  Marine  
  30  3:21  Marine  
  30  3:22  Cyclone  
  35  3:29  SCV  
  35  3:30  Starport Tech Lab  
  36  3:38  Marine  
  36  3:39  Marine  
  36  3:41  SCV  
  39  3:51  Raven  
  39  3:52  Orbital Command  
  39  3:55  Refinery  
  41  3:56  Marine  
  41  3:57  SCV, Marine  
  44  4:03  Cyclone  
  47  4:10  SCV  
  47  4:14  Marine  
  47  4:15  Marine  
  50  4:21  SCV  
  50  4:23  SCV  
  52  4:29  Supply Depot  
  52  4:31  Marine  
  52  4:33  Marine  
  54  4:44  SCV  
  54  4:50  Raven, Marine x2  
  54  4:51  SCV  
  54  4:52  Supply Depot  
  58  4:56  SCV  
  59  5:03  SCV  
  60  5:08  SCV, Marine  
  60  5:13  Marine  
  60  5:14  Siege Tank  
  66  5:15  SCV  
  66  5:18  Command Center  
  66  5:20  SCV, Supply Depot  
  68  5:27  SCV  
  70  5:37  SCV  
  70  5:41  Supply Depot  
  70  5:42  SCV  
  71  5:43  Supply Depot  
  71  5:44  Viking  
  71  5:45  Viking, Marine  
  71  5:49  SCV  
  77  5:55  SCV  
  78  6:03  Siege Tank, Marine  
  82  6:07  Stimpack  
  82  6:09  SCV  
  83  6:11  SCV  
  83  6:12  Barracks x2  
  83  6:16  Refinery  
  83  6:18  Viking  
  86  6:24  Viking  
  88  6:28  Marine  
  88  6:32  Orbital Command  
  89  6:33  SCV x2  
  89  6:39  Siege Tank  
  94  6:45  SCV x2  
  94  6:46  Marine  
  97  6:51  Viking  
  99  6:54  Viking  
  99  6:57  SCV x2  
  103  7:01  SCV, Engineering Bay  
  103  7:02  Engineering Bay  
  103  7:06  Barracks Reactor x2, Supply Depot  
  104  7:09  SCV  
  104  7:11  Siege Tank  
  104  7:14  SCV  
  104  7:15  Supply Depot  
  109  7:17  Supply Depot  
  109  7:27  Viking x2, SCV  
  114  7:35  SCV  
  113  7:38  SCV  
  113  7:39  SCV, Marine  
  116  7:49  Terran Infantry Weapons Level 1, Terran Infantry Armor Level 1  
  116  7:51  Supply Depot  
  116  7:52  Marine x3, Supply Depot  
  116  7:53  Marine  
  116  7:54  Siege Tank  
  116  7:56  SCV x3  
  126  8:03  Barracks  
  126  8:04  Barracks  
  126  8:06  Sensor Tower  
  126  8:08  SCV  
  126  8:09  SCV  
  126  8:11  Combat Shield  
  126  8:12  Marine x4  
  132  8:13  Marine  
  132  8:15  Medivac x2  
  137  8:20  Refinery x2  
  137  8:23  SCV x2  
  139  8:30  Marine x4  
  139  8:31  Marine  
  139  8:32  Supply Depot  
  139  8:33  Siege Tank  
  140  8:35  SCV  
  140  8:37  SCV  
  142  8:43  SCV, Missile Turret  
  142  8:47  Marine  
  142  8:48  Marine x3  
  147  8:49  Medivac  
  147  8:53  Medivac, Barracks Reactor x2  
  151  8:56  Supply Depot  
  151  8:57  Supply Depot  
  151  8:59  Marine  
  151  9:02  Armory  
  152  9:05  Marine x2  
  152  9:06  Marine x2  
  155  9:13  Siege Tank  
  157  9:17  Marine  
  157  9:23  Marine x3  
  157  9:24  Marine  
  162  9:25  Medivac x2, Factory  
  162  9:28  Supply Depot  
  162  9:29  Marine  
  167  9:32  Supply Depot  
  167  9:33  Marine  
  167  9:34  Marine x2  
  170  9:41  Marine x3  
  173  9:45  Barracks Reactor  
  173  9:46  Supply Depot x2  
  173  9:48  Marine  
  173  9:50  Siege Tank, Marine  
  173  9:51  Marine x2  
  179  9:55  Marine  
  179  9:59  Marine x3  
  182  10:06  Command Center  
  182  10:11  Terran Infantry Weapons Level 2  
  182  10:14  Terran Infantry Armor Level 2, Supply Depot  
  181  10:15  Marine  
  181  10:16  Marine x4  
  185  10:22  Siege Tank  
  185  10:23  Marine  
  189  10:32  Terran Vehicle Weapons Level 1  
  189  10:38  Command Center  
  183  10:44  Liberator x2  
  183  10:46  Marine  
  183  10:48  Marine x2  
  153  10:51  Marine x3  
  153  10:53  Marine x2  
  153  10:54  Siege Tank  
  153  10:56  Marine x2  
  136  10:59  Siege Tank  
  143  11:04  Marine  
  143  11:06  Marine x2  
  143  11:08  SCV x2  
  143  11:09  SCV, Marine x3  
  152  11:11  Marine x2  
  152  11:14  Marine x2  
  156  11:22  Marine  
  156  11:24  Marine x2  
  159  11:26  Siege Tank  
  159  11:27  Marine x3  
  159  11:29  Marine x2  
  159  11:31  Marine  
  159  11:32  Siege Tank  
  168  11:33  SCV  
  168  11:34  Marine  
  168  11:39  Marine  
  170  11:42  Marine x2  
  170  11:43  SCV x2  
  170  11:44  Marine  
  170  11:45  SCV  
  177  11:50  Marine  
  177  11:51  Marine  
  178  11:54  Marine  
  178  11:55  Marine x2  
  178  11:58  Medivac, Siege Tank  
  178  12:00  Medivac  
  187  12:01  Marine  
  187  12:04  Siege Tank  
  187  12:07  Marine  
  192  12:08  Marine x3  
  192  12:12  Marine  
  192  12:14  Marine  
  194  12:26  Marine  
  194  12:27  Marine x3  
  194  12:29  Marine  
  199  12:31  Marine  
  200  12:37  Refinery  
  200  12:38  Refinery  
  200  12:39  Command Center  
Show
View Real Time Build Order
Export as new Build Order

Ziggy Terran 

Build Orders: Cyclone Opening 

Get SALT Encoding   

  12  0:00  SCV  
  13  0:12  SCV  
  14  0:18  Supply Depot  
  14  0:24  SCV  
  15  0:29  Refinery  
  15  0:39  SCV  
  16  0:45  Barracks  
  16  0:52  SCV  
  16  0:56  Refinery  
  17  1:04  SCV  
  18  1:16  SCV  
  19  1:33  Orbital Command, Factory  
  19  1:37  Reaper  
  20  1:50  Supply Depot  
  20  1:59  SCV  
  21  2:09  Reaper  
  21  2:12  SCV  
  23  2:17  Hellion  
  25  2:34  Command Center  
  25  2:37  SCV  
  25  2:39  Factory Tech Lab  
  25  2:42  Barracks Reactor  
  26  2:49  SCV  
  30  2:58  Cyclone  
  30  2:59  Supply Depot  
  30  3:02  SCV  
  31  3:14  Starport  
  31  3:20  SCV, Marine x2  
  34  3:30  Siege Tank  
  34  3:32  SCV  
  38  3:38  Marine  
  39  3:46  SCV, Marine  
  39  3:48  Orbital Command  
  41  3:51  Starport Tech Lab  
  41  3:56  Marine  
  41  3:58  SCV  
  43  4:04  Marine  
  43  4:07  Siege Tank  
  47  4:11  SCV  
  47  4:14  SCV, Marine  
  47  4:16  Supply Depot  
  50  4:24  Raven  
  50  4:26  SCV  
  51  4:39  SCV  
  51  4:42  Marine x2  
  54  4:47  SCV  
  54  4:50  Command Center, Refinery  
  55  4:53  SCV  
  55  4:57  Supply Depot  
  56  5:04  SCV  
  56  5:05  Barracks  
  56  5:07  Barracks  
  57  5:11  SCV  
  58  5:16  SCV, Engineering Bay  
  58  5:17  Stimpack  
  59  5:23  SCV  
  56  5:28  SCV  
  55  5:36  SCV  
  55  5:38  Marine  
  55  5:39  Siege Tank  
  55  5:40  SCV  
  55  5:42  Refinery  
  61  5:44  Terran Infantry Weapons Level 1  
  61  5:46  Starport Reactor  
  61  5:48  SCV  
  62  5:52  SCV, Supply Depot  
  62  5:54  Barracks Tech Lab  
  63  6:00  SCV  
  63  6:01  Orbital Command  
  64  6:04  SCV, Marine  
  66  6:11  Siege Tank  
  66  6:12  SCV  
  66  6:13  Marine x2  
  66  6:14  Combat Shield  
  66  6:16  SCV  
  73  6:22  Marine x2  
  73  6:24  SCV  
  76  6:26  Medivac x2  
  76  6:28  SCV  
  76  6:29  SCV  
  76  6:31  Marine  
  83  6:33  Missile Turret  
  83  6:37  Missile Turret  
  83  6:38  Marine  
  83  6:39  Marine  
  84  6:40  Marine  
  84  6:43  Orbital Command  
  84  6:44  Armory  
  84  6:45  SCV x2  
  88  6:54  Marine  
  88  6:55  Siege Tank, Marine  
  93  7:04  Supply Depot  
  93  7:08  Supply Depot  
  93  7:12  Engineering Bay  
  93  7:14  Supply Depot  
  93  7:19  SCV x3, Marine x2  
  98  7:24  Marine x2  
  98  7:27  Medivac  
  102  7:30  Medivac  
  102  7:31  SCV  
  105  7:37  Marine  
  105  7:38  SCV x2  
  105  7:43  Marine x3  
  111  7:45  SCV  
  111  7:48  Barracks  
  111  7:50  SCV, Barracks  
  113  7:55  SCV  
  113  7:56  Marine  
  113  7:57  SCV, Siege Tank  
  119  8:01  Marine  
  119  8:02  SCV, Sensor Tower  
  121  8:07  SCV  
  121  8:09  Marine x2  
  124  8:13  Marine  
  124  8:14  Terran Infantry Armor Level 1, Supply Depot  
  124  8:19  Terran Infantry Weapons Level 2  
  125  8:24  Missile Turret  
  125  8:25  Supply Depot  
  125  8:28  Supply Depot  
  125  8:32  Marine  
  125  8:35  Medivac x2, Marine x3  
  125  8:38  Siege Tank  
  125  8:41  Missile Turret  
  135  8:50  Marine  
  135  8:51  Barracks Reactor  
  135  8:52  Barracks Reactor  
  135  8:53  Marine x2  
  138  9:01  Marine  
  139  9:05  Medivac x2  
  139  9:08  Command Center  
  143  9:10  Siege Tank  
  143  9:15  Factory, Barracks  
  146  9:18  Marine x3  
  146  9:19  Barracks  
  149  9:25  Marine  
  149  9:30  Marine x2  
  152  9:36  Marine  
  153  9:42  Marine x3  
  156  9:46  Supply Depot  
  156  9:48  Missile Turret, Medivac x2, Siege Tank  
  156  9:50  Missile Turret  
  153  9:54  Marine x5  
  158  10:02  Factory Tech Lab  
  158  10:03  Barracks Reactor  
  158  10:14  Marine x6  
  159  10:19  Marine x3  
  159  10:20  Medivac x2, Siege Tank  
  169  10:23  Planetary Fortress  
  169  10:31  Marine  
  169  10:32  Marine x5  
  175  10:36  Marine  
  175  10:37  Marine x2  
  175  10:41  Marine x2  
  166  10:49  Marine x4  
  131  10:50  Marine x2  
  131  10:54  Marine x3  
  111  10:58  Medivac x2  
  111  10:59  Marine x2  
  111  11:01  Siege Tank  
  111  11:03  Refinery  
  117  11:05  Refinery  
  117  11:07  Marine x5  
  117  11:08  Marine  
  123  11:12  Sensor Tower, Marine x3  
  123  11:16  SCV x4  
  123  11:17  Marine x2  
  132  11:25  Marine x6  
  135  11:30  Marine x3  
  141  11:35  Marine x2  
  141  11:37  Medivac x2, Siege Tank  
  150  11:43  Marine x4  
  150  11:47  Sensor Tower  
  154  11:50  Marine x2  
  154  11:51  Marine x3  
  154  11:53  Marine  
  160  11:56  Marine  
  160  12:00  Marine  
  160  12:01  Marine x3  
  165  12:08  Marine x2  
  165  12:14  Marine x2  
  159  12:16  Marine x3  
  159  12:18  Siege Tank, Marine x3  
  159  12:22  Marine  
  150  12:26  Marine  
  152  12:30  Marine  
  152  12:31  Marine  
  152  12:32  Marine  
  152  12:33  Marine x2  
  152  12:34  Marine  
  152  12:36  Marine  
Tags
 
Add a new tag
Caveats
  • Supply blocks, unpowered buildings, or Contaminate may cause inaccurate times.
  • Supply counts are checked every 10 seconds.